 Dungeon Crawl Stone Soup version 0.21.0-3-g78d12a8 (webtiles) character file.

128 inmateoo the Ruffian (level 4, -4/39 HPs)
             Began as a Troll Air Elementalist on Jan 10, 2018.
             Slain by Sigmund
             ... wielding a +3 scythe
              (6 damage)
             ... on level 2 of the Dungeon.
             The game lasted 00:01:43 (1138 turns).

inmateoo the Ruffian (Troll Air Elementalist)       Turns: 1138, Time: 00:01:43

Health: -4/39      AC:  5    Str: 17    XL:     4   Next: 87%
Magic:  4/4        EV: 10    Int: 11    God:
Gold:   90         SH:  0    Dex: 10    Spells: 4/5 levels left

rFire    . . .     SeeInvis .     - Unarmed
rCold    . . .     Gourm    +   (no shield)
rNeg     . . .     Faith    .   a - +0 robe
rPois    .         Spirit   .   (helmet restricted)
rElec    .         Reflect  .   (no cloak)
rCorr    .         Harm     .   (gloves unavailable)
MR       .....                  (boots unavailable)
Stlth    +.........             (no amulet)
HPRegen  0.53/turn              (no ring)
MPRegen  0.09/turn              (no ring)

@: no status effects
A: large, unfitting armour, claws 3, fast metabolism 3, gourmand, regeneration
1, shaggy fur 1, tough skin 2
a: no special abilities


You were on level 2 of the Dungeon.
You were completely stuffed.

You visited 1 branch of the dungeon, and saw 2 of its levels.

You collected 90 gold pieces.

Inventory:

Armour
 a - a +0 robe (worn)
Jewellery
 k - an uncursed ring of ice
Scrolls
 h - 3 scrolls of enchant weapon {unknown}
 l - a scroll of amnesia {unknown}
 n - 2 scrolls of identify {unknown}
 p - a scroll of noise {unknown}
Potions
 d - 2 potions of agility {unknown}
 e - a potion of mutation {unknown}
 f - a potion of curing {unknown}
 g - a potion of ambrosia {unknown}
 i - 2 potions of flight {unknown}
 j - 2 potions of lignification {unknown}
 m - a potion of invisibility {unknown}
Books
 b - a book of Air

   Spells                             Type                      Level
   a - Shock                          Conjuration/Air              1
   b - Swiftness                      Charms/Air                   2
   c - Static Discharge               Conjuration/Air              3
   d - Airstrike                      Air                          4
   e - Lightning Bolt                 Conjuration/Air              5
Comestibles
 c - 2 rations


   Skills:
 - Level 1.5 Dodging
 - Level 1.0 Stealth
 + Level 4.6 Unarmed Combat
 - Level 1.2 Spellcasting
 - Level 0.6 Conjurations
 - Level 2.0 Air Magic


You had 4 spell levels left.
You knew the following spells:

 Your Spells              Type           Power        Failure   Level  Hunger
a - Shock                 Conj/Air       #...         19%         1    ##.....


Dungeon Overview and Level Annotations

Branches:
Dungeon (2/15)

Altars:

Annotations:
D:2 Sigmund


Innate Abilities, Weirdness & Mutations

You are too large for most types of armour.
You have claws for hands.
Your metabolism is lightning-fast.
You like to eat raw meat.
Your natural rate of healing is unusually fast.
You are covered in fur. (AC +1)
You have very tough skin. (AC +2)


Message History

Sigmund flickers and vanishes!
Deactivating autopickup; reactivate with Ctrl-A.
No target in view!
No target in view!
You scratch something. You closely miss something.
You hear some strange, mumbled words.
A magic dart appears from out of thin air!
The magic dart hits you!
You barely miss something. Something hits you!
You miss something. You scratch something. Something hits you!
* * * LOW HITPOINT WARNING * * *
You miss something. Something hits you!
* * * LOW HITPOINT WARNING * * *
Unknown command.
Okay, then.
You scratch something. You miss something. Something hits you.
You die...

.# . # # # ##
#####
....###########.
..g..
#......@{......
#..
#.####.########
# #.# # # #.#
.##.# #.# .....
#.# ..... #.#
..... #.# .##.#
#.### #.#


There were no monsters in sight!

Vanquished Creatures
  A crimson imp (D:2)
  Robin (D:2)
  3 adders (D:2)
  A worm (D:2)
  3 leopard geckos (D:1)
  4 bats
  3 giant cockroaches
  13 goblins
  9 hobgoblins
  2 jackals (D:1)
  A quokka (D:2)
  3 frilled lizards
  3 kobolds
  2 rats (D:2)
49 creatures vanquished.

Notes
Turn   | Place    | Note
-------+----------+-------------------------------------------
     0 | D:1      | inmateoo the Troll Air Elementalist began the quest for the Orb.
     0 | D:1      | Reached XP level 1. HP: 16/16 MP: 1/1
   102 | D:1      | Reached skill level 1 in Unarmed Combat
   218 | D:1      | Reached XP level 2. HP: 20/24 MP: 2/2
   305 | D:1      | Reached skill level 2 in Unarmed Combat
   600 | D:1      | Reached XP level 3. HP: 31/31 MP: 3/3
   813 | D:2      | Reached skill level 3 in Unarmed Combat
   940 | D:2      | Reached skill level 4 in Unarmed Combat
   940 | D:2      | Reached XP level 4. HP: 37/39 MP: 4/4
   947 | D:2      | Found a faded altar of an unknown god.
   987 | D:2      | Noticed Robin
  1001 | D:2      | Killed Robin
  1128 | D:2      | Noticed Sigmund
  1136 | D:2      | HP: 1/39 [something (10)]
  1138 | D:2      | Slain by Sigmund

Skill      XL: |  1  2  3 |
---------------+----------+-----
Unarmed Combat | 1 2 4 |  4.6
Dodging        | |  1.5
Stealth        | |  1.0
Spellcasting   | |  1.2
Conjurations   | |  0.6
Air Magic      | |  2.0

Action                   |  1- 3 |  4- 6 || total
-------------------------+-------+-------++-------
Melee: Unarmed           |   120 |    49 ||   169
 Stab: Sleeping          |     6 |     2 ||     8
  Eat: Chunk             |    14 |     2 ||    16
Armor: Robe              |    61 |     8 ||    69
Dodge: Dodged            |    74 |    16 ||    90
